AoeStats
← Dirty F150

Coastal Forest

510632206Analyzed
2v2 RM · 2d ago on Oct 1, 2026· 45m 22s· 4 players
Game mode
Random Map
Map size
Medium (4 player)
Population
200
Speed
Normal
Resources
Standard
Victory
Conquest
Starting age
Dark Age
Ending age
Imperial Age
RankedLock teamsTeams togetherTeam positionsShared explorationLock speedFull tech treeHidden civsTurbo modeCheats
Victory
Defeat
🇺🇸 Danes · United States
998
+14
🇧🇷 Vietnamese · Brazil
936
+16
🇦🇷 Jurchens · Argentina
945
-15
🇦🇷 Japanese · Argentina
944
-15
aroldera
6:01 Loom
10:02 Feudal Age
12:32 Horse Collar
12:45 Double-Bit Axe
24:41 Castle Age
23:45 Fletching
24:39 Gold Mining
24:49 Crossbowman
25:36 Thumb Ring
25:32 Padded Archer Armor
25:43 Forging
25:30 Bodkin Arrow
27:54 Wheelbarrow
29:08 Bow Saw
37:36 Imperial Age
37:20 Heavy Plow
37:13 Stone Mining
38:19 Ballistics
38:59 Hand Cart
38:15 Heavy Cavalry Archer
39:59 Chemistry
40:29 Two-Man Saw
39:47 Leather Archer Armor
40:37 Bracer
44:21 Elite Fire Lancer
Dirty F150
10:17 Feudal Age
9:38 Loom
10:46 Double-Bit Axe
17:49 Castle Age
16:33 Forging
17:17 Scale Mail Armor
17:22 Arson
18:40 Squires
30:46 Bow Saw
31:49 Wheelbarrow
30:59 Town Watch
31:53 Chain Mail Armor
31:28 Gambesons
33:18 Hand Cart
33:04 Town Patrol
33:40 Ballistics
34:00 Iron Casting
34:42 Fervor
35:19 Masonry
36:29 Fletching
36:40 Horse Collar
41:08 Bodkin Arrow
41:12 Murder Holes
41:52 Hamask
43:41 Heavy Plow
Deakoon
2:35 Loom
13:04 Feudal Age
20:09 Fletching
27:52 Double-Bit Axe
31:38 Castle Age
31:16 Town Watch
32:07 Wheelbarrow
35:22 Bow Saw
Leonhard7186
8:15 Loom
11:12 Feudal Age
17:43 Double-Bit Axe
22:25 Castle Age
21:58 Fletching
22:09 Padded Archer Armor
23:22 Elite Skirmisher
29:01 Scale Barding Armor
31:28 Forging
33:03 Bow Saw
34:22 Horse Collar
40:05 Imperial Age
39:01 Chain Barding Armor
39:09 Ballistics
41:54 Chemistry
40:54 Bodkin Arrow
45:07 Plate Barding Armor
45:08 Iron Casting
Connection lost

Rejoining the realm…

Still unreachable

The connection could not be restored.

Session expired

The server has moved on; the page needs a fresh start.